 Dungeon Crawl Stone Soup version 0.24.0-13-gcf9b3192b9 (webtiles) character file.

Game seed: 16171210047992629418, levelgen mode: deterministic

459 MisterOstroum the Skirmisher (level 6, -3/52 HPs)
             Began as a Demonspawn Monk on Nov 7, 2019.
             Was a Priest of Nemelex Xobeh.
             Blown up by a big kobold (15 damage)
             ... with a disintegration bolt
             ... on level 3 of the Dungeon.
             The game lasted 00:06:55 (3746 turns).

MisterOstroum the Skirmisher (Demonspawn Monk)      Turns: 3746, Time: 00:06:55

Health: -3/52      AC: 14    Str: 14    XL:     6   Next: 78%
Magic:  6/8        EV:  5    Int: 11    God:    Nemelex Xobeh [***...]
Gold:   239        SH:  0    Dex: 15    Spells: 5/5 levels left

rFire    . . .     SeeInvis .   b - +2 dagger (elec)
rCold    . . .     Gourm    .   (no shield)
rNeg     . . .     Faith    .   h - +0 plate armour
rPois    .         Spirit   .   m - +0 helmet
rElec    .         Reflect  .   (no cloak)
rCorr    .         Harm     .   (no gloves)
MR       .....                  (no boots)
Stlth    ..........             (no amulet)
HPRegen  0.17/turn              (no ring)
MPRegen  0.11/turn              (no ring)

@: no status effects
A: talons 2, icy blue scales 1, powered by death 1
a: Draw Escape, Draw Destruction, Draw Summoning, Triple Draw, Renounce Religion


You were on level 3 of the Dungeon.
You worshipped Nemelex Xobeh.
Nemelex Xobeh was most pleased with you.
You were not hungry.

You visited 1 branch of the dungeon, and saw 3 of its levels.

You collected 239 gold pieces.

Inventory:

Hand Weapons
 a - a +0 spear
 b - a +2 dagger of electrocution (weapon)
Missiles
 j - 147 stones (quivered)
Armour
 h - a +0 plate armour (worn)
 m - a +0 helmet (worn)
 o - a +0 cloak
Scrolls
 c - a scroll of enchant weapon {unknown}
 d - 3 scrolls of identify {unknown}
 f - a scroll of fog {unknown}
 g - 2 scrolls of enchant armour {unknown}
 i - a scroll of fear {!r}
 k - 3 scrolls of remove curse {unknown}
 r - a scroll of teleportation {unknown}
Potions
 l - a potion of heal wounds {unknown}
 n - 4 potions of flight {unknown}
 q - a potion of ambrosia {unknown}
 s - a potion of resistance {unknown}
 t - a potion of curing {unknown}
 u - a potion of might {unknown}
Comestibles
 e - 6 rations
 p - 4 chunks of flesh


   Skills:
 * Level 5.7 Fighting
 - Level 3.7 Polearms
 + Level 2.4 Armour
 - Level 2.9 Dodging
 - Level 1.7 Stealth
 + Level 3.3 Invocations


You had 5 spell levels left.
You didn't know any spells.
Your spell library was empty.

Dungeon Overview and Level Annotations

Branches:
Dungeon (3/15)

Altars:
Nemelex Xobeh
Wu Jian


Innate Abilities, Weirdness & Mutations

You have razor-sharp toenails.
You are partially covered in icy blue scales. (AC +2)
You regenerate a little health from kills.


Message History

Your kick misses Jessica. Jessica hits you but does no damage.
You hit Jessica. You claw Jessica.
Jessica is heavily wounded.
Jessica hits you but does no damage.
You hit Jessica but do no damage.
Jessica is moderately wounded.
Jessica mumbles some strange words.
Jessica blinks!
Your plate armour prevents you from hitting the goblin.
The goblin barely misses you.
Jessica casts a spell.
Jessica seems to speed up.
You miss the goblin. Your kick misses the goblin.
The goblin hits you but does no damage.
You completely miss the goblin. You claw the goblin.
You kill the goblin!
You hit Jessica.
Jessica is severely wounded.
Jessica gestures wildly while chanting.
Jessica blinks!
No target in view!
No target in view!
No target in view!
Jessica gestures wildly while chanting.
Jessica blinks!
Jessica casts a spell.
Jessica blinks!
Jessica is too close now for your liking.
You hit Jessica. Lightning courses through Jessica!!
You kill Jessica!
Okay, then.
Things that are here:
a +0 robe; the human corpse of Jessica You butcher the human corpse of Jessica.
p - 4 chunks of flesh
Things that are here:
a +0 robe; the human skeleton of Jessica
Things that are here:
a +0 robe; the human skeleton of Jessica
Found a stone staircase leading down.
You see here 14 arrows.
The kobold shouts!
You hear a shout! x3
The kobold shouts!
You hear a shout! x2
Things that are here:
a +0 scythe; a +0 robe The big kobold shouts!
Esekla's ghost turns its malevolent gaze towards you.
The kobold shouts!
You hear a shout!
The kobold shouts! x3
Partly explored, can't reach some items.
Partly explored, can't reach some items.
Press: ? - help, v - describe, . - travel
Here: Esekla's ghost (fire blocked by a translucent stone wall)
A fountain of sparkling water.
Okay, then.
Unknown command.
You open the gate.
You fail to use your ability.
The big kobold zaps a wand.
You barely resist. The kobold barely misses you.
You draw... (choose one card, ? for their descriptions)
a - the Orb b - Wild Magic
c - the Orb Huh? x2
You have drawn Wild Magic.
The kobold is covered in liquid flames!
There is a sudden and violent explosion of flames!
The fireball engulfs the kobold!!!
You kill the kobold!
The fireball engulfs the kobold!
You kill the kobold!
The fireball engulfs the kobold!!
You kill the kobold!
The fireball engulfs you!!
Ouch! That really hurt!
The fireball engulfs the kobold!!!
You kill the kobold!
The fireball engulfs the kobold!!
You kill the kobold!
The big kobold is blasted with searing flames!
The searing flames burn away its fire resistance!
A ball of electricity appears!
Freezing gases pour from the kobold's hands!
Esekla's ghost is covered in liquid flames!
You feel a surge of magic.
A ball lightning comes into view.
Esekla's ghost burns!
The big kobold zaps a wand.
You are blasted!
* * * LOW HITPOINT WARNING * * *
You close the gate, pushing everything out of the way.
You see here a kobold corpse.
Esekla's ghost burns!
Your ball lightning explodes!
The blast of lightning engulfs Esekla's ghost!
You destroy Esekla's ghost!
The blast of lightning engulfs the kobold!
You kill the kobold!
A big kobold opens the gate.
You see here a +0 club.
The big kobold is no longer more vulnerable to fire.
The big kobold zaps a wand.
You are blasted!
You die...
Your body glows slightly and disappears.

###.......## #.#####.......
#.#####..## #...........## #.#
##.#.########..####.###... #.#
#.###....##..........##### #.#
##.#.###.##.#..####..# #
#.#####..## #.##.#..# #..# #
#........####.##.#..####..# #
#.##.#.....##.##.#........# #
#.##.....))†).@.....###...#####
#.####.##'KK##.................
#.######...).###.##############
#.....#.#$..#)##)#
#######⌠.#.#.⌠##.# #.#?..#.##)#
##.....###.# ##.%$####.#
#####.##.#


You could see a big kobold and a kobold.

Vanquished Creatures
  Sigmund (D:3)
  Purgy (D:3)
  Jessica (D:3)
  The ghost of Esekla the Charmwright, a weakling DESk (D:3)
  Robin (D:3)
  4 adders
  An ooze (D:1)
  4 worms
  A dart slug (D:1)
  3 leopard geckos
  An orc (D:3)
  7 giant cockroaches
  15 goblins
  11 hobgoblins
  9 jackals
  14 kobolds
  3 ball pythons
  7 bats
  3 frilled lizards
  11 rats
99 creatures vanquished.

Vanquished Creatures (others)
  A ball lightning (D:3)
1 creature vanquished.

Grand Total: 100 creatures vanquished

Notes
Turn   | Place    | Note
-------+----------+-------------------------------------------
     0 | D:1      | MisterOstroum the Demonspawn Monk began the quest for the
                  | Orb.
     0 | D:1      | Reached XP level 1. HP: 18/18 MP: 1/1
   170 | D:1      | Gained mutation: You have sharp toenails. [demonic
                  | ancestry]
   170 | D:1      | Reached XP level 2. HP: 14/24 MP: 2/2
  1081 | D:1      | Reached XP level 3. HP: 28/29 MP: 3/3
  1749 | D:2      | Found an ornate altar of the Wu Jian Council.
  1934 | D:2      | Found a faded altar of an unknown god.
  1943 | D:2      | Became a worshipper of Nemelex Xobeh the Trickster
  1943 | D:2      | Received a gift from Nemelex Xobeh
  1943 | D:2      | Reached * piety under Nemelex Xobeh
  1943 | D:2      | Received a gift from Nemelex Xobeh
  1943 | D:2      | Reached ** piety under Nemelex Xobeh
  1943 | D:2      | Received a gift from Nemelex Xobeh
  1987 | D:2      | Gained mutation: You are partially covered in icy blue
                  | scales. (AC +2) [demonic ancestry]
  1987 | D:2      | Reached XP level 4. HP: 37/37 MP: 4/4
  2160 | D:2      | Reached skill level 4 in Fighting
  2274 | D:2      | Received a gift from Nemelex Xobeh
  2761 | D:3      | Reached *** piety under Nemelex Xobeh
  2840 | D:3      | Found a runed translucent gate.
  2840 | D:3      | Noticed Esekla's ghost (weakling DESk)
  2840 | D:3      | Noticed a big kobold
  2841 | D:3      | Found a runed translucent gate.
  2841 | D:3      | Found a runed translucent gate.
  3058 | D:3      | Noticed Purgy
  3067 | D:3      | Killed Purgy
  3067 | D:3      | Reached skill level 1 in Armour
  3067 | D:3      | Reached skill level 1 in Invocations
  3067 | D:3      | Gained mutation: You have razor-sharp toenails. [demonic
                  | ancestry]
  3067 | D:3      | Reached XP level 5. HP: 28/43 MP: 4/6
  3086 | D:3      | Noticed Robin
  3112 | D:3      | Killed Robin
  3374 | D:3      | Received a gift from Nemelex Xobeh
  3426 | D:3      | Noticed Sigmund
  3428 | D:3      | Killed Sigmund
  3428 | D:3      | Reached skill level 5 in Fighting
  3428 | D:3      | Gained mutation: You regenerate a little health from kills.
                  | [demonic ancestry]
  3428 | D:3      | Reached XP level 6. HP: 51/51 MP: 6/8
  3569 | D:3      | Noticed Jessica
  3582 | D:3      | Killed Jessica
  3743 | D:3      | Killed Esekla's ghost
  3746 | D:3      | Blown up by a big kobold

Levels and vault maps discovered:
D:1:      minmay_arrival_cross, layout_basic
D:2:      layout_loops_ring, overflow_temple_1_default,
          chequers_ecumenical_altar_simple_redux, minmay_misc_feat_rugged
D:3:      layout_loops_ring, first_ration, gammafunk_ghost_nasty_kobolds,
          uniq_robin, uniq_jessica, uniq_sigmund, uniq_purgy

Skill      XL: |  1  2  3  4  5 |
---------------+----------------+-----
Polearms       | 3 |  3.7
Fighting       | 4 5 |  5.7
Armour         | 1 2 |  2.4
Invocations    | 1 3 |  3.3
Dodging        | |  2.9
Stealth        | |  1.7

Action                   |  1- 3 |  4- 6 || total
-------------------------+-------+-------++-------
Melee: Spear             |   180 |   119 ||   299
       Kick              |    36 |    36 ||    72
       Dagger            |       |    43 ||    43
Throw: Stone             |       |     4 ||     4
Invok: Triple Draw       |       |     1 ||     1
 Abil: Draw Destruction  |       |     5 ||     5
  Use: Scroll            |       |     1 ||     1
 Stab: Sleeping          |     5 |       ||     5
  Eat: Chunk             |     4 |     5 ||     9
Armor: Robe              |     9 |       ||     9
       Ring mail         |     5 |       ||     5
       Plate armour      |    78 |    91 ||   169
Dodge: Dodged            |    74 |    25 ||    99
